 Dungeon Crawl Stone Soup version 0.32-a0-306-gfed3edf829 (webtiles) character file.

Game seed: 4305602367034398870

109 pokeman the Magician (level 4, -3/25 HPs)
             Began as a Deep Elf Hedge Wizard on Feb 14, 2024.
             Slain by Sigmund
             ... wielding a +7 scythe of protection
              (15 damage)
             ... on level 2 of the Dungeon.
             The game lasted 00:02:33 (1790 turns).

pokeman the Magician (Deep Elf Hedge Wizard)        Turns: 1790, Time: 00:02:33

Health: -3/25      AC:  3    Str:  7    XL:     4   Next: 60%
Magic:  11/13      EV: 13    Int: 21    God:
Gold:   86         SH:  0    Dex: 20    Spells: 6/14 levels left

rFire   . . .        a - +0 dagger
rCold   . . .        (no shield)
rNeg    . . .        b - +0 robe
rPois   .            c - +0 hat
rElec   .            (no cloak)
rCorr   .            h - +0 pair of gloves
SInv    .            (no boots)
Will    .....        (no amulet)
Stlth   +++          l - +6 ring of dexterity
HPRegen 0.24/turn    (no ring)
MPRegen 0.13/turn

%: no passive effects
@: no status effects
A: no striking features
a: no special abilities


You were on level 2 of the Dungeon.
You visited 1 branch of the dungeon, and saw 2 of its levels.

You collected 86 gold pieces.

Inventory:

Hand Weapons
 a - a +0 dagger (weapon)
Armour
 b - a +0 robe (worn)
 c - a +0 hat (worn)
 h - a +0 pair of gloves (worn)
Jewellery
 l - a +6 ring of dexterity (left hand)
Scrolls
 e - a scroll of teleportation {unknown}
 g - a scroll of fog {unknown}
 k - a scroll of fear {unknown}
 m - a scroll of immolation {unknown}
 o - a scroll of identify {unknown}
Potions
 d - a potion of magic
 f - a potion of berserk rage {unknown}
 i - a potion of haste {unknown}
 j - a potion of curing {unknown}
 n - a potion of heal wounds {unknown}


   Skills:
 - Level 1.0 Fighting
 - Level 1.0 Armour
 + Level 2.8 Dodging
 + Level 2.9 Stealth
 * Level 5.8 Spellcasting
 + Level 2.3 Conjurations
 - Level 1.1 Summonings
 - Level 1.1 Translocations


You had 6 spell levels left.
You knew the following spells:

 Your Spells              Type           Power      Damage    Failure   Level
a - Magic Dart            Conj           60%        1d6       3%          1
b - Mephitic Cloud        Conj/Alch/Air  9%         N/A       22%         3
c - Call Imp              Summ           20%        N/A       10%         2
d - Blink                 Tloc           20%        N/A       10%         2

Your spell library contained the following spells:

 Spells                   Type           Power      Damage    Failure   Level
 Apportation              Tloc           20%        N/A       6%          1
 Sting                    Conj/Alch      44%        1d5       6%          1
 Summon Small Mammal      Summ           40%        N/A       6%          1
 Necrotise                Necr           24%        1d5       10%         1
 Slow                     Hex            24%        N/A       10%         1
 Cigotuvi's Dreadful Rot  Necr/Alch/Air  12%        N/A       16%         2


Dungeon Overview and Level Annotations

Branches:
Dungeon (2/15)

Altars:

Annotations:
D:2 Sigmund


Message History

Aiming: Magic Dart (safe; 3% risk of failure)
Press: ? - help, Shift-Dir - straight line, f - rat
Aim: a rat (asleep, 100% to hit)
The magic dart hits the rat.
You kill the rat!
Casting: Magic Dart (safe; 3% risk of failure)
Confirm with . or Enter, or press ? or * to list all spells.
You can't see any susceptible monsters within range! (Use Z to cast anyway.) Unknown command.
o - a scroll labelled ZOWKIHAU ITHRY Sigmund the Dreaded comes into view.
He is wielding a +7 scythe of protection and wearing a +2 robe of cold resistance.
Casting: Magic Dart (safe; 3% risk of failure)
Confirm with . or Enter, or press ? or * to list all spells.
Aiming: Mephitic Cloud (extremely dangerous; 22% risk of failure)
Press: ? - help, Shift-Dir - straight line, f - Sigmund
Aim: Sigmund, wielding a +7 scythe of protection and wearing a +2 robe of cold resistance (asleep, chance to affect: 86%)
The ball explodes into a vile cloud!
The stinking cloud engulfs Sigmund.
Sigmund shouts!
Sigmund is engulfed in noxious fumes.
Sigmund appears confused.
Unknown command.
Sigmund is engulfed in noxious fumes.
Sigmund appears confused.
Sigmund is engulfed in noxious fumes.
Sigmund appears confused.
Sigmund completely misses you.
You hit Sigmund but do no damage.
Sigmund is engulfed in noxious fumes.
Sigmund appears confused.
Sigmund barely misses you.
You catch the helpless Sigmund completely off-guard!
You hit Sigmund.
Sigmund is lightly wounded.
You catch the helpless Sigmund completely off-guard!
You puncture Sigmund!
Sigmund is heavily wounded.
Sigmund is engulfed in noxious fumes.
Sigmund appears confused.
Sigmund hits you with a +7 scythe of protection!
Ouch! That really hurt!
You hit Sigmund but do no damage.
Sigmund is heavily wounded.
Sigmund gestures wildly.
Sigmund hits you with a +7 scythe of protection!
Ouch! That really hurt!
You die...

.#...........
#...
####...##..##
.# ####
.#.....##..#
.# #
.......##..#
.#
#####......#
.# #..###.#
.# #..# #.#
.# #..#
#.######@#
#..#
#......@.#
#..#
########.#
#... .# ..##
.# .# .# .#
.#


You could see Sigmund (confused).

Vanquished Creatures
  4 gnolls (D:2)
  2 adders (D:2)
  2 dart slugs
  A ball python (D:2)
  4 bats
  2 endoplasms (D:1)
  A giant cockroach (D:1)
  A goblin (D:2)
  3 hobgoblins
  A quokka (D:1)
  3 frilled lizards (D:2)
  2 kobolds (D:1)
  5 rats
31 creatures vanquished.

Notes
Turn   | Place    | Note
-------+----------+-------------------------------------------
     0 | D:1      | pokeman the Deep Elf Hedge Wizard began the quest for the
                  | Orb.
     0 | D:1      | Reached XP level 1. HP: 10/10 MP: 7/7
   161 | D:1      | Reached XP level 2. HP: 14/16 MP: 1/9
   674 | D:1      | Reached skill level 5 in Spellcasting
  1112 | D:2      | Found a faded altar of an unknown god.
  1114 | D:2      | Reached XP level 3. HP: 20/20 MP: 9/11
  1118 | D:2      | Learned a level 3 spell: Mephitic Cloud
  1121 | D:2      | Learned a level 2 spell: Call Imp
  1124 | D:2      | Learned a level 2 spell: Blink
  1216 | D:2      | Reached skill level 1 in Fighting
  1216 | D:2      | Reached skill level 1 in Armour
  1299 | D:2      | Reached XP level 4. HP: 25/25 MP: 2/13
  1779 | D:2      | Noticed Sigmund
  1790 | D:2      | Slain by Sigmund

Illustrated notes

Levels and vault maps discovered:
D:1:      dpeg_arrival_rooms_b, layout_basic
D:2:      layout_loops_ring, basic_ecumenical_altar, basic_altar,
          minmay_misc_feat_rugged, uniq_sigmund

Skill      XL: |  1  2  3 |
---------------+----------+-----
Spellcasting   | 5 |  5.8
Fighting       | 1 |  1.0
Armour         | 1 |  1.0
Conjurations   | 2 |  2.3
Dodging        | |  2.8
Stealth        | |  2.9
Summonings     | |  1.1
Translocations | |  1.1

Action                     |  1- 3 |  4- 6 || total
---------------------------+-------+-------++-------
  Melee: Dagger            |     8 |     7 ||    15
   Cast: Magic Dart        |    51 |    17 ||    68
         Mephitic Cloud    |     3 |     1 ||     4
   Stab: Confused          |     1 |     2 ||     3
 Armour: Robe              |     6 |     2 ||     8
  Dodge: Dodged            |     9 |     3 ||    12

Table legend: (Time is in decaauts)
 A = Elapsed time spent in this place.
 B = Non-inter-level travel time spent in this place.
 C = Inter-level travel time spent in this place.
 D = Time resting spent in this place.
 E = Time spent auto-exploring this place.
 F = Levels seen in this place.
 G = Mean time per level.
                   A        B        C        D        E       F      G
               +--------+--------+--------+--------+--------+-----+--------+
         Total |   1789 |   1716 |     73 |     26 |   1487 |   2 |  894.5 |
       Dungeon |   1789 |   1716 |     73 |     26 |   1487 |   2 |  894.5 |
               +--------+--------+--------+--------+--------+-----+--------+

Top non-repeatable levels by time:
     D:1: 1153 daAuts
     D:2: 636 daAuts
